 Dungeon Crawl Stone Soup version 0.30-a0-918-g0ff054e9dc (webtiles) character file.

Game seed: 8202119060315297720

74 NotreDorf the Caller (level 4, -1/33 HPs)
             Began as a Merfolk Summoner on Mar 20, 2023.
             Slain by Ijyb
             ... wielding a +0 club
              (5 damage)
             ... on level 3 of the Dungeon.
             The game lasted 00:07:24 (1742 turns).

NotreDorf the Caller (Merfolk Summoner)             Turns: 1742, Time: 00:07:25

Health: -1/33      AC:  0    Str:  8    XL:     4   Next: 30%
Magic:  3/7        EV: 15    Int: 16    God:
Gold:   139        SH:  0    Dex: 14    Spells: 1/7 levels left

rFire   . . .      SeeInvis .    o - melded +1 short sword (speed)
rCold   . . .      Faith    .    (shield currently unavailable)
rNeg    . . .      Spirit   .    a - melded +0 robe
rPois   .          Reflect  .    (helmet currently unavailable)
rElec   .          Rampage  .    (cloak currently unavailable)
rCorr   .                        (gloves currently unavailable)
Will    .....                    (boots currently unavailable)
Stlth   ++                       (no amulet)
HPRegen 0.25/turn                (ring currently unavailable)
MPRegen 0.10/turn                (ring currently unavailable)

@: pig-form (expiring), very quick
A: fast, no casting, small, (nimble swimmer 2), (mertail)
a: no special abilities


You were on level 3 of the Dungeon.
You were a filthy swine.
You visited 1 branch of the dungeon, and saw 3 of its levels.

You collected 139 gold pieces.

Inventory:

Hand Weapons
 e - a +1 dagger of flaming
 o - a +1 short sword of speed (melded)
Armour
 a - a +0 robe (melded)
Jewellery
 n - a +6 ring of intelligence
Scrolls
 c - 2 scrolls of fog {unknown}
 h - a scroll of magic mapping {unknown}
 j - 2 scrolls of identify {unknown}
 k - a scroll of poison {unknown}
 l - a scroll of amnesia {unknown}
 m - a scroll of torment {unknown}
Potions
 b - 2 potions of magic
 d - a potion of lignification {unknown}
 f - a potion of might {unknown}
 g - a potion of curing {unknown}
 i - a potion of mutation {unknown}
 p - a potion of degeneration {unknown}
 q - a potion of haste {unknown}
 r - a potion of brilliance {unknown}


   Skills:
 + Level 1.8 Fighting
 + Level 3.7 Dodging
 + Level 3.1 Stealth
 + Level 2.0 Spellcasting
 + Level 4.4 Summonings


You had one spell level left.
You knew the following spells:

 Your Spells              Type           Power      Damage    Failure   Level
a - Summon Small Mammal   Summ           60%        N/A       3%          1
b - Call Imp              Summ           15%        N/A       4%          2
c - Call Canine Familiar  Summ           15%        N/A       10%         3

Your spell library contained the following spells:

 Spells                   Type           Power      Damage    Failure   Level
 Summon Guardian Golem    Hex/Summ       8%         N/A       26%         3
 Summon Lightning Spire   Summ/Air       8%         N/A       63%         4


Dungeon Overview and Level Annotations

Branches:
Dungeon (3/15)

Altars:

Annotations:
D:3 Ijyb


Innate Abilities, Weirdness & Mutations

You are a filthy swine.
You move quickly.
Your equipment is almost entirely melded.
You are incapable of wielding weapons or throwing items.
You cannot cast spells.
((You are very nimble when in or above water. (Stealth+, EV+, Speed+++)))
((Your lower body shifts to a powerful aquatic tail in water.))


Message History

Ijyb is lightly wounded.
Your rat bites Ijyb but does no damage.
Your crimson imp misses Ijyb.
Ijyb hits your rat with a +0 club.
Your rat dies!
Your rat's corpse disappears in a puff of smoke!
Ijyb shouts!
You can't do that in your present form.
Sorry, you're not good enough to have a special ability.
Sorry, you're not good enough to have a special ability.
You hit Ijyb but do no damage.
Ijyb is lightly wounded.
Your crimson imp hits Ijyb.
Ijyb barely misses you.
You hit Ijyb.
Ijyb is moderately wounded.
Your crimson imp closely misses Ijyb.
Ijyb misses you.
You barely miss Ijyb.
Ijyb is moderately wounded.
Your crimson imp completely misses Ijyb.
You closely miss Ijyb.
Ijyb is moderately wounded.
Ijyb hits you with a +0 club.
Your crimson imp closely misses Ijyb.
You hit Ijyb.
Ijyb is heavily wounded.
Ijyb screams, "No!
No, no, no, no!"
Ijyb hits you with a +0 club.
* * * LOW HITPOINT WARNING * * *
Your crimson imp hits Ijyb.
You hit Ijyb but do no damage.
Ijyb is heavily wounded.
Your transformation is almost over.
Ijyb hits you with a +0 club.
* * * LOW HITPOINT WARNING * * *
Your crimson imp barely misses Ijyb.
You barely miss Ijyb.
Ijyb is heavily wounded.
Ijyb closely misses you.
Your crimson imp hits Ijyb.
You hit Ijyb but do no damage.
Ijyb is heavily wounded.
Ijyb hits you with a +0 club.
You die...

..##........
#..#.##### ##.......#
.........#
....###..##### ....#
#......### #####
##.###...### #.#
###...# . #.# #..h#
... #.# #.)g# #...g
#.# ##5## ####.....g
#.######.#####..g.#
.............>g####
.....................
....##############...
... ..


You could see Ijyb (ally target) and a friendly crimson imp (summoned).

Vanquished Creatures
  A ball python (D:1)
  2 bats (D:1)
  9 endoplasms
  A giant cockroach (D:2)
  A goblin (D:1)
  A hobgoblin (D:1)
  A quokka (D:1)
  4 kobolds
  A rat (D:2)
21 creatures vanquished.

Vanquished Creatures (collateral kills)
  2 adders (D:2)
  A worm (D:2)
  4 dart slugs
  A bat (D:1)
  An endoplasm (D:1)
  4 goblins
  2 hobgoblins (D:1)
  2 ball pythons
  A frilled lizard (D:2)
  A kobold (D:2)
  A rat (D:1)
20 creatures vanquished.

Grand Total: 41 creatures vanquished

Notes
Turn   | Place    | Note
-------+----------+-------------------------------------------
     0 | D:1      | NotreDorf the Merfolk Summoner began the quest for the Orb.
     0 | D:1      | Reached XP level 1. HP: 13/13 MP: 3/3
   182 | D:1      | Reached XP level 2. HP: 20/20 MP: 0/5
   419 | D:1      | Reached skill level 1 in Fighting
   555 | D:1      | Reached XP level 3. HP: 26/26 MP: 4/6
   560 | D:1      | Learned a level 2 spell: Call Imp
   564 | D:1      | Learned a level 3 spell: Call Canine Familiar
  1213 | D:2      | Reached XP level 4. HP: 33/33 MP: 7/7
  1697 | D:3      | Noticed Ijyb
  1742 | D:3      | Slain by Ijyb

Illustrated notes

Levels and vault maps discovered:
D:1:      mushboom_english_gardens, layout_loops_ring, nrook_mini_vaults,
          minmay_indecisive_spiral
D:2:      layout_basic
D:3:      layout_basic, serial_shops,
          nicolae_shop_temple_entry_statues_fountains,
          ebering_ecumenical_altar_hall, nicolae_goblin_pals

Skill      XL: |  1  2  3 |
---------------+----------+-----
Dodging        | 3 |  3.7
Fighting       | 1 |  1.8
Stealth        | 3 |  3.1
Spellcasting   | |  2.0
Summonings     | |  4.4

Action                     |  1- 3 |  4- 6 || total
---------------------------+-------+-------++-------
  Melee: Dagger            |    51 |       ||    51
         Unarmed           |     5 |    17 ||    22
         Short sword       |     4 |    14 ||    18
   Cast: Summon Small Mamm |    32 |     7 ||    39
         Call Imp          |     1 |     5 ||     6
   Stab: Sleeping          |     2 |       ||     2
 Armour: Robe              |     8 |     1 ||     9
  Dodge: Dodged            |    31 |    12 ||    43

Table legend: (Time is in decaauts)
 A = Elapsed time spent in this place.
 B = Non-inter-level travel time spent in this place.
 C = Inter-level travel time spent in this place.
 D = Time resting spent in this place.
 E = Time spent auto-exploring this place.
 F = Levels seen in this place.
 G = Mean time per level.
                   A        B        C        D        E       F      G
               +--------+--------+--------+--------+--------+-----+--------+
         Total |   1733 |   1663 |     70 |     53 |   1161 |   3 |  577.7 |
       Dungeon |   1733 |   1663 |     70 |     53 |   1161 |   3 |  577.7 |
               +--------+--------+--------+--------+--------+-----+--------+

Top non-repeatable levels by time:
     D:1: 944 daAuts
     D:2: 653 daAuts
     D:3: 135 daAuts
